 Dungeon Crawl Stone Soup version 0.31.0-10-gcf4a605ca0 (webtiles) character file.

Game seed: 16007060735996499283

3605 Sobieck the Skirmisher (level 10, -1/47 HPs)
             Began as a Tengu Hunter on Jan 25, 2024.
             Was a Believer of Hepliaklqana.
             Killed from afar by a steam dragon (20 damage)
             ... with a ball of steam
             ... on level 8 of the Dungeon.
             The game lasted 00:16:12 (6738 turns).

Sobieck the Skirmisher (Tengu Hunter)               Turns: 6738, Time: 00:16:13

Health: -1/47      AC:  6    Str: 11    XL:     10   Next: 10%
Magic:  0/11       EV: 21    Int:  9    God:    Hepliaklqana [**....]
Gold:   476        SH:  0    Dex: 23    Spells: 9/9 levels left

rFire   . . .        a - +0 orcbow
rCold   . . .        (shield currently unavailable)
rNeg    . . .        c - +0 leather armour
rPois   .            (helmet restricted)
rElec   .            (no cloak)
rCorr   .            q - +2 pair of gloves
SInv    .            (boots unavailable)
Will    .....        p - amulet of guardian spirit
Stlth   ++           (no ring)
HPRegen 0.27/turn    (no ring)
MPRegen 0.12/turn

%: acrobat, guardian spirit
@: flying
A: reduced essence, beak, talons 3, evasive flight, acrobatic
a: Renounce Religion, Recall Ancestor, Ancestor Identity


You were on level 8 of the Dungeon.
You worshipped Hepliaklqana.
Hepliaklqana was pleased with you.
You visited 1 branch of the dungeon, and saw 8 of its levels.

You collected 476 gold pieces.

Inventory:

Hand Weapons
 a - a +0 orcbow (weapon)
 h - a +1 shortbow
 o - the +1 rapier of Day {heavy, rPois rF+}
   (You found it on level 7 of the Dungeon)

   rF+:       It protects you from fire.
   rPois:     It protects you from poison
Missiles
 F - 5 curare-tipped darts
Armour
 c - a +0 leather armour (worn)
 q - a +2 pair of gloves (worn)
Jewellery
 p - an amulet of guardian spirit (around neck)
Wands
 d - a wand of polymorph (8)
 r - a wand of mindburst (9)
 E - a wand of charming (13)
 V - a wand of flame (21)
Scrolls
 b - a scroll of blinking
 g - a scroll of enchant weapon
 i - 3 scrolls of fog
 T - 2 scrolls of teleportation
Potions
 e - a potion of berserk rage {unknown}
 f - 3 potions of mutation
 j - a potion of ambrosia {unknown}
 k - 2 potions of heal wounds
 m - a potion of brilliance {unknown}
 n - 2 potions of enlightenment
 Q - 3 potions of curing


   Skills:
 - Level 2.0 Fighting
 + Level 14.0 Ranged Weapons
 + Level 7.9 Dodging
 - Level 1.0 Stealth


You had 9 spell levels left.
You didn't know any spells.
Your spell library contained the following spells:

 Spells                   Type           Power      Damage    Failure   Level
 Apportation              Tloc           0%         N/A       47%         1
 Necrotise                Necr           0%         1d4       47%         1
 Sting                    Conj/Alch      0%         1d3       47%         1
 Summon Small Mammal      Summ           0%         N/A       47%         1
 Blink                    Tloc           0%         N/A       63%         2
 Ensorcelled Hibernation  Hex/Ice        0%         N/A       63%         2
 Lesser Beckoning         Tloc           0%         N/A       63%         2
 Momentum Strike          Conj/Tloc      0%         3d8       63%         2
 Fugue of the Fallen      Necr           0%         N/A       85%         3
 Summon Ice Beast         Ice/Summ       0%         N/A       85%         3
 Anguish                  Hex/Necr       0%         N/A       99%         4
 Summon Mana Viper        Hex/Summ       0%         N/A       100%        5
 Monstrous Menagerie      Summ           0%         N/A       100%        7


Dungeon Overview and Level Annotations

Branches:
Dungeon (8/15)             Temple (0/1) D:6
   Lair: D:8-11

Altars:
Dithmenos
Elyvilon
Gozag
Hepliaklqana
Nemelex Xobeh
Qazlal
Sif Muna
Vehumet
Xom
The Shining One

Shops:
D:5 *

Annotations:
D:2 Sigmund


Innate Abilities, Weirdness & Mutations

Your life essence is reduced to manifest your ancestor. (-10% HP)
You have a beak for a mouth.
You have claws for feet.
Your magical flight helps you evade attacks. (EV +4)
You can magically evade attacks while moving or waiting.


Message History

Unknown command.
Unknown command.
You shoot an arrow. The arrow closely misses the orc.
The howler monkey howls!
A black bear comes into view.
The howler monkey hoots and howls with incredible vigour!
The orc completely misses you.
The orc priest invokes the aid of Beogh against you.
Beogh smites you!
You fly upwards.
There is a stone staircase leading down here.
You shoot an arrow. The arrow hits the orc.
The orc is heavily wounded.
Jabu hits the orc with a +0 flail!
The orc dies!
No target in view!
No target in view!
You see here a +0 spear.
Things that are here:
a +4 whip; a +0 whip; a +0 flail Magic restored.
You see here a +0 giant club.
HP restored.
There is a stone staircase leading down here.
Press: ? - help, v - describe, . - travel A stone staircase leading down.
Unknown command.
Unknown command.
Unknown command.
Unknown command.
You fly downwards.
The steam dragon breathes steam at you.
The ball of steam hits Jabu.
Jabu resists.
The ball of steam hits you! The howler monkey misses you.
The orc priest invokes the aid of Beogh against you.
Beogh smites you!
The steam dragon bites Jabu but does no damage.
The steam dragon closely misses Jabu.
Jabu blocks the orc's attack.
You hear a shout!
There is a stone staircase leading up here.
Danger!
Unknown command.
You are engulfed in a cloud of scalding steam.
The howler monkey closely misses you. x2
The steam dragon breathes steam at you.
The ball of steam hits Jabu!
Jabu resists.
The ball of steam hits you!!
You die...

### #.#@#+###
......hhRDo.##.#.##
.......ooh.<.......
.......o....####.##
###.....###.#
#####.# #.# #.# #>.
#.# #.## ...


You could see the friendly Jabu the knight, a steam dragon (catching breath,
ally target), a black bear, 2 howler monkeys, an orc priest and 3 orcs.

Vanquished Creatures
  Grinder (D:6)
  A sky beast (D:5)
  3 ice beasts
  3 ogres
  2 centaurs (D:7)
  A phantom (D:6)
  8 scorpions
  2 bullfrogs
  A gnoll sergeant (D:7)
  3 killer bees (D:8)
  2 howler monkeys
  5 hounds
  3 jellies
  An orc priest (D:6)
  5 iguanas
  Jessica (D:2)
  A gnoll bouda (D:7)
  Terence (D:3)
  4 orc wizards
  A sleepcap (D:7)
  9 gnolls
  5 adders
  A white imp (D:6)
  4 dart slugs
  A ribbon worm (D:2)
  21 orcs
  9 ball pythons
  4 bats
  10 endoplasms
  4 giant cockroaches
  8 hobgoblins
  6 kobolds
  4 quokkas
  4 frilled lizards
  9 goblins
  4 rats (D:1)
152 creatures vanquished.

Vanquished Creatures (collateral kills)
  Jeremiah (D:6)
  A sky beast (D:7)
  An ice beast (D:7)
  A centaur (D:6)
  A kobold brigand (D:7)
  A scorpion (D:7)
  A howler monkey (D:7)
  A hound (D:6)
  A jelly (D:7)
  2 iguanas (D:7)
  2 gnolls (D:7)
  2 orcs (D:7)
15 creatures vanquished.

Vanquished Creatures (others)
  2 knights
2 creatures vanquished.

Grand Total: 169 creatures vanquished

Notes
Turn   | Place    | Note
-------+----------+-------------------------------------------
     0 | D:1      | Sobieck the Tengu Hunter began the quest for the Orb.
     0 | D:1      | Reached XP level 1. HP: 12/12 MP: 2/2
    98 | D:1      | Reached XP level 2. HP: 17/17 MP: 3/3
   132 | D:1      | Reached skill level 5 in Ranged Weapons
   217 | D:1      | Reached XP level 3. HP: 14/21 MP: 4/4
   740 | D:2      | Reached skill level 6 in Ranged Weapons
   865 | D:2      | Reached XP level 4. HP: 26/26 MP: 5/5
   914 | D:2      | Noticed Sigmund
  1001 | D:2      | Noticed Jessica
  1003 | D:2      | Killed Jessica
  1048 | D:1      | HP: 1/26 [gnoll/+0 club (5)]
  1053 | D:1      | HP: 1/26 [gnoll/+0 club (5)]
  1056 | D:1      | Reached XP level 5. HP: 10/30 MP: 6/6
  1769 | D:3      | Found a hazy altar of Hepliaklqana.
  1853 | D:3      | Noticed Terence
  1860 | D:3      | Found a glowing golden altar of the Shining One.
  1865 | D:3      | Killed Terence
  1866 | D:3      | Reached skill level 7 in Ranged Weapons
  1898 | D:3      | Found a radiant altar of Vehumet.
  1980 | D:3      | Found a stormy altar of Qazlal.
  2014 | D:3      | Became a worshipper of Hepliaklqana the Forgotten
  2487 | D:3      | Reached XP level 6. HP: 19/35 MP: 7/7
  2555 | D:4      | Reached skill level 8 in Ranged Weapons
  2793 | D:3      | Gained mutation: Your magical flight helps you evade
                  | attacks. (EV +4) [Tengu growth]
  2793 | D:3      | Reached XP level 7. HP: 15/40 MP: 8/8
  2901 | D:4      | Reached skill level 9 in Ranged Weapons
  3026 | D:4      | Found a shadowy altar of Dithmenos.
  3225 | D:4      | Found a shimmering blue altar of Sif Muna.
  3570 | D:5      | Entered Level 5 of the Dungeon
  3586 | D:5      | Reached * piety under Hepliaklqana
  3618 | D:5      | Reached skill level 10 in Ranged Weapons
  3784 | D:5      | Reached XP level 8. HP: 27/39 MP: 7/9
  3925 | D:5      | Reached skill level 11 in Ranged Weapons
  3993 | D:5      | Found a white marble altar of Elyvilon.
  4017 | D:5      | Found an opulent altar of Gozag.
  4022 | D:5      | Found Gozag's Platinum Reserve.
  4649 | D:6      | Reached skill level 12 in Ranged Weapons
  4692 | D:6      | Noticed Grinder
  4718 | D:6      | Killed Grinder
  4719 | D:6      | Reached skill level 3 in Dodging
  4894 | D:6      | Reached XP level 9. HP: 40/43 MP: 10/10
  5032 | D:6      | Reached ** piety under Hepliaklqana
  5033 | D:6      | Remembered your ancestor Jabu as a knight
  5075 | D:6      | Noticed Jeremiah
  5098 | D:6      | Killed Jeremiah
  5199 | D:6      | Found a staircase to the Ecumenical Temple.
  5565 | D:7      | Reached skill level 13 in Ranged Weapons
  5682 | D:7      | Reached skill level 6 in Dodging
  5883 | D:7      | Identified the +1 rapier of Day {heavy, rPois rF+}
  6021 | D:7      | Found a sparkling altar of Nemelex Xobeh.
  6197 | D:7      | Found a shimmering altar of Xom.
  6430 | D:7      | Reached XP level 10. HP: 47/47 MP: 11/11
  6593 | D:8      | Noticed a two-headed ogre
  6605 | D:8      | Reached skill level 14 in Ranged Weapons
  6738 | D:8      | Killed from afar by a steam dragon

Illustrated notes

Levels and vault maps discovered:
D:1:      onia_arrival_pyramid, layout_rooms, minmay_octomino_e4
D:2:      layout_loops_ring, uniq_sigmund, uniq_jessica
D:3:      layout_loops_cross, nicolae_overflow_quartered_altars, uniq_terence
D:4:      layout_cave_pools, lemuel_tele_altar, minmay_ruined_shrine
D:5:      layout_rooms, nicolae_gozag_zags_fifth_avenue, kennysheep_mini_moat,
          minivault_25, nicolae_zig_zag_zippers
D:6:      layout_basic, minmay_temple_entry_fiery, uniq_jeremiah, uniq_grinder
D:7:      cheibrodos_barr_body, layout_cave_pods, lemuel_coloured_pillars_altar,
          mainiacjoe_overflow_six_doors_small
D:8:      nicolae_whirlpool, layout_basic, mainiacjoe_overflow_boulevard,
          serial_shops, nicolae_take_the_stairs

Skill      XL: |  1  2  3  4  5  6  7  8  9 10 |
---------------+-------------------------------+-----
Ranged Weapons | 5 6 7 8 10 12 13 14 | 14.0
Dodging        | 4 7 |  7.9
Fighting       | |  2.0
Stealth        | |  1.0

Action                     |  1- 3 |  4- 6 |  7- 9 | 10-12 || total
---------------------------+-------+-------+-------+-------++-------
   Fire: Shortbow          |   115 |   145 |   177 |       ||   437
         Orcbow            |       |       |   139 |    43 ||   182
 Invoke: Ancestor Life: Kn |       |       |     1 |       ||     1
    Use: Scroll            |     1 |       |    16 |     2 ||    19
         Potion            |       |     3 |       |       ||     3
 Armour: Leather armour    |    34 |    48 |    25 |     3 ||   110
  Dodge: Dodged            |    36 |    59 |    41 |     5 ||   141
